 Dungeon Crawl Stone Soup version 0.29-a0-664-gff9cad4a3d (webtiles) character file.

Game seed: 1739200940989326652

6183 xian the Archer (level 10, -9/52 HPs)
             Began as a Spriggan Arcane Marksman on June 23, 2022.
             Was an Initiate of Gozag.
             Killed from afar by a hell hound (16 damage)
             ... with a blast of flame
             ... on level 9 of the Dungeon.
             The game lasted 00:36:06 (10669 turns).

xian the Archer (Spriggan Arcane Marksman)         Turns: 10669, Time: 00:36:07

Health: -9/52      AC:  4    Str: 13    XL:     10   Next: 60%
Magic:  18/18      EV: 34    Int: 14    God:    Gozag
Gold:   972        SH:  0    Dex: 19    Spells: 16/19 levels left

rFire   . . .      SeeInvis +   A - +4 hunting sling of Light {freeze, Str+5}
rCold   . . .      Faith    .   (no shield)
rNeg    . . .      Spirit   .   b - +1 robe
rPois   .          Reflect  .   (helmet restricted)
rElec   .          Harm     .   v - +0 cloak
rCorr   .          Rampage  .   (gloves unavailable)
Will    +....                   (boots unavailable)
Stlth   +++.......              B - amulet of the acrobat
HPRegen 0.17/turn               i - ring of fire
MPRegen 0.16/turn               r - ring of ice

@: acrobatic, very quick
A: very small, no large weapons, unfitting armour, see invisible, speed 3
a: Renounce Religion, Potion Petition, Call Merchant, Bribe Branch


You were on level 9 of the Dungeon.
You worshipped Gozag.
Gozag was pleased with you.
You visited 2 branches of the dungeon, and saw 10 of its levels.

You collected 1204 gold pieces.
You spent 136 gold pieces at shops.
You paid 96 gold pieces to Gozag.

Inventory:

Hand Weapons
 a - a +3 shortbow
 y - a +5 dagger of freezing
 A - the +4 hunting sling of Light (weapon) {freeze, Str+5}
   (You bought it in a shop on level 7 of the Dungeon)

   Any ammunition fired from it freezes those it strikes, dealing additional
   cold damage.
   It can also slow down cold-blooded creatures.
   Str:       It affects your strength (+5).
Missiles
 n - a throwing net
 q - 5 atropa-tipped darts
 t - 18 poisoned darts
Armour
 b - a +1 robe (worn)
 e - the +1 Delatra's gloves {ID++}
   (You found it on level 2 of the Dungeon)

   It heals its wearer when they drink unknown potions.
   It restores its wearer's MP when they read unknown scrolls.
 v - a +0 cloak (worn)
Jewellery
 i - a ring of fire (left hand)
 r - a ring of ice (right hand)
 z - an amulet of magic regeneration
 B - an amulet of the acrobat (around neck)
Wands
 g - a wand of iceblast (13)
Scrolls
 c - a scroll of vulnerability
 l - a scroll of poison
 o - 5 scrolls of identify
 w - a scroll of magic mapping
Potions
 d - 3 potions of attraction
 f - 3 potions of might
 h - 4 potions of curing
 j - a potion of resistance
 k - a potion of invisibility
 m - a potion of flight
 p - a potion of haste
 u - a potion of lignification {unknown}
 x - a potion of brilliance {unknown}


   Skills:
 + Level 5.6 Fighting
 + Level 0.3(0.4) Axes
 + Level 0.1(0.2) Maces & Flails
 + Level 7.5 Slings
 + Level 13.2 Bows
 + Level 0.1(3.8) Throwing
 + Level 4.6 Dodging
 + Level 3.4 Stealth
 + Level 5.1 Spellcasting
 + Level 6.0 Hexes
 + Level 0.2 Summonings
 + Level 1.6 Evocations


You had 16 spell levels left.
You knew the following spells:

 Your Spells              Type           Power      Damage    Failure   Level
a - Slow                  Hex            80%        N/A       1%          1
b - Call Imp              Summ           4%         N/A       24%         2

Your spell library contained the following spells:

 Spells                   Type           Power      Damage    Failure   Level
 Cause Fear               Hex            10%        N/A       14%         4
 Inner Flame              Hex/Fire       18%        N/A       16%         3
 Portal Projectile        Hex/Tloc       24%        N/A       16%         3
 Beastly Appendage        Tmut           6%         N/A       17%         1
 Magic Dart               Conj           12%        1d3       17%         1
 Necrotize                Necr           12%        1d4       17%         1
 Shock                    Conj/Air       12%        1d3       17%         1
 Sting                    Tmut/Pois      12%        1d3       17%         1
 Poisonous Vapours        Pois/Air       6%         N/A       26%         2
 Sublimation of Blood     Necr           3%         N/A       26%         2
 Wereblood                Tmut           3%         N/A       26%         2
 Mephitic Cloud           Conj/Pois/Air  3%         N/A       45%         3
 Spider Form              Tmut/Pois      3%         N/A       45%         3
 Swiftness                Air            3%         N/A       45%         3
 Vampiric Draining        Necr           3%         2d6       45%         3
 Airstrike                Air            1%         N/A       86%         4
 Olgreb's Toxic Radiance  Pois           3%         N/A       86%         4
 Petrify                  Tmut/Erth      3%         N/A       86%         4
 Agony                    Necr           3%         N/A       99%         5
 Irradiate                Conj/Tmut      1%         3d13      99%         5
 Corpse Rot               Necr/Pois/Air  Unusable   N/A       N/A         4

Dungeon Overview and Level Annotations

Branches:
Dungeon (9/15)             Temple (1/1) D:5            Lair (0/6) D:9
    Orc: D:9-12

Altars:
Ashenzari
Cheibriados
Dithmenos
Fedhas
Gozag
Hepliaklqana
Kikubaaqudgha
Makhleb
Okawaru
Qazlal
Ru
Trog
Wu Jian
Xom
Yredelemnul
Zin
The Shining One

Shops:
D:7 (


Innate Abilities, Weirdness & Mutations

You are very small and have problems with some larger weapons.
You are too small for most types of armour.
You have supernaturally acute eyesight. (SInv)
You cover ground extremely quickly. (Speed+++)


Message History

The fire bat bites you but does no damage.
The fire bat bites you.
You are engulfed in flames!
The fire bat attacks as you move away! The fire bat misses you.
Casting: Slow (safe; 1% risk of failure)
Confirm with . or Enter, or press ? or * to list all spells.
Okay, then.
Casting: Slow (safe; 1% risk of failure)
Confirm with . or Enter, or press ? or * to list all spells.
Aiming: Slow (safe; 1% risk of failure)
Press: ? - help, Shift-Dir - straight line, f/p - fire bat
Aim: a fire bat (slow, chance to affect: 68%)
Okay, then.
Okay, then.
Casting: Slow (safe; 1% risk of failure)
Confirm with . or Enter, or press ? or * to list all spells.
A beastly little devil appears in a puff of flame.
The fire bat bites you.
You are engulfed in flames.
* * * LOW HITPOINT WARNING * * *
The fire bat bites you.
* * * LOW HITPOINT WARNING * * *
You are engulfed in flames!
* * * LOW HITPOINT WARNING * * *
You swap places.
The fire bat attacks as you move away! The fire bat completely misses you.
The fire bat bites your crimson imp.
Your crimson imp is engulfed in flames.
Your crimson imp completely resists.
Your crimson imp closely misses the fire bat.
The fire bat barely misses your crimson imp.
The fire bat bites your crimson imp.
Your crimson imp is engulfed in flames.
Your crimson imp completely resists.
Your crimson imp hits the fire bat.
The fire bat bites your crimson imp.
Your crimson imp is engulfed in flames.
Your crimson imp completely resists.
Your crimson imp blinks!
You swap places.
Something completely misses your crimson imp.
Your crimson imp blinks!
The hell hound breathes flames at you. The blast of flame hits you!
You die...
Your body crumbles into a pile of gold.

.≈...#..#.# #.#
#####..)#.# #.#.≈..#:
...##..##.# #.#.≈...#
..........# #.#.≈bh§.
..........# #.#.≈≈≈v.
....#####.#####.#§.v≈≈≈
....# #.......#.....v
....# #.#####.$# ....#
#.# #.@# ....# #.# #..#
....# #.# #..# ##..# #.#
#..# #..# #b# #..# #..#
#b# #..# #..# #5# #..#
#..# #.# #..# #
#..#####.#####..###.###..


You could see a hell hound (catching breath) and a fire bat.

Vanquished Creatures
  Pikel (D:4)
  Maggie (D:6)
  Grinder (D:6)
  9 yaks (D:9)
  A fire bat (D:9)
  2 wyverns
  A steam dragon (D:8)
  A water moccasin (D:7)
  An acid dragon (D:9)
  2 orc warriors
  4 ogres
  A black bear (D:6)
  A sky beast (D:7)
  An ice beast (D:5)
  A centaur (D:9)
  2 phantoms
  2 lemures (D:4)
  2 scorpions (D:5)
  2 bullfrogs
  A necrophage (D:6)
  15 wights
  An electric eel (D:7)
  3 howler monkeys
  4 hounds
  3 orc priests
  Crazy Yiuf (D:6)
  3 jellies
  An iguana (D:3)
  9 orc wizards
  7 gnolls
  8 adders
  2 shadow imps
  6 white imps
  3 ufetubi (D:4)
  2 worms
  4 dart slugs
  20 orcs
  5 bats
  14 endoplasms
  A giant cockroach (D:3)
  5 hobgoblins
  9 jackals
  A quokka (D:1)
  7 ball pythons
  3 frilled lizards
  7 goblins
  12 kobolds
  4 rats
197 creatures vanquished.

Vanquished Creatures (others)
  A wight (D:8)
  5 fungi (D:9)
  6 plants (D:9)
12 creatures vanquished.

Grand Total: 209 creatures vanquished

Notes
Turn   | Place    | Note
-------+----------+-------------------------------------------
     0 | D:1      | xian the Spriggan Arcane Marksman began the quest for the
                  | Orb.
     0 | D:1      | Reached XP level 1. HP: 9/9 MP: 3/3
   278 | D:1      | Reached XP level 2. HP: 14/14 MP: 5/5
   294 | D:1      | Reached skill level 3 in Bows
   589 | D:2      | Reached skill level 1 in Fighting
   619 | D:2      | Found a faded altar of an unknown god.
   642 | D:2      | Reached XP level 3. HP: 9/18 MP: 6/6
   982 | D:2      | Found the +1 Delatra's gloves {ID++}
   990 | D:2      | Reached skill level 4 in Bows
  1153 | D:2      | Reached XP level 4. HP: 22/22 MP: 7/7
  1297 | D:3      | HP: 1/22 [poisoned by an adder]
  1541 | D:3      | Noticed a phantom
  1554 | D:3      | Killed a phantom
  1555 | D:3      | Reached skill level 5 in Bows
  1555 | D:3      | Reached XP level 5. HP: 14/25 MP: 8/8
  2112 | D:3      | Reached skill level 6 in Bows
  2356 | D:3      | Reached skill level 1 in Stealth
  2380 | D:3      | Reached XP level 6. HP: 30/30 MP: 9/9
  2789 | D:4      | Noticed an orc warrior
  3109 | D:4      | Reached skill level 7 in Bows
  3400 | D:4      | Noticed Pikel
  3403 | D:4      | Reached XP level 7. HP: 27/35 MP: 10/10
  3416 | D:4      | Killed Pikel
  3417 | D:4      | Reached skill level 9 in Bows
  3417 | D:4      | Reached skill level 1 in Evocations
  3443 | D:4      | Reached XP level 8. HP: 27/40 MP: 11/11
  3740 | D:5      | Entered Level 5 of the Dungeon
  3758 | D:5      | Reached skill level 10 in Bows
  4306 | D:5      | Found a staircase to the Ecumenical Temple.
  4401 | Temple   | Entered the Ecumenical Temple
  4460 | Temple   | Became a worshipper of Gozag Ym Sagoz the Greedy
  4567 | D:5      | Reached skill level 11 in Bows
  4682 | D:5      | Learned a level 2 spell: Call Imp
  5318 | D:6      | Reached XP level 9. HP: 45/45 MP: 14/14
  5329 | D:6      | Noticed Maggie
  5358 | D:6      | Killed Maggie
  5636 | D:6      | Reached skill level 12 in Bows
  5823 | D:6      | Noticed Grinder
  5836 | D:6      | Killed Grinder
  5865 | D:6      | Found a runed translucent door.
  5866 | D:6      | Noticed Crazy Yiuf
  5878 | D:6      | Killed Crazy Yiuf
  6110 | D:6      | Reached skill level 5 in Hexes
  6387 | D:7      | Found Otasif's Antique Weapon Emporium.
  6833 | D:7      | Reached skill level 13 in Bows
  7312 | D:7      | Bought a slimy hunting sling for 136 gold pieces
  7312 | D:7      | Identified the +4 hunting sling of Light {freeze, Str+5}
                  | (You bought it in a shop on level 7 of the Dungeon)
  7521 | D:7      | Reached skill level 1 in Slings
  7666 | D:9      | Reached skill level 5 in Fighting
  8041 | D:8      | Reached XP level 10. HP: 25/50 MP: 17/17
  8928 | D:9      | Found a staircase to the Lair.
  9680 | D:9      | Reached skill level 5 in Slings
 10278 | D:9      | Reached skill level 5 in Spellcasting
 10669 | D:9      | Killed from afar by a hell hound

Illustrated notes

Levels and vault maps discovered:
D:1:      saegor_arrival_simple_c, layout_basic
D:2:      layout_rooms, chequers_ecumenical_altar_twisty, grunt_ministairs_7,
          pf_guarded_unrand_delatra
D:3:      layout_loops_ring, minmay_joined_circles
D:4:      layout_cave_pools, serial_demonic, serial_demonic_f, serial_demonic_f,
          serial_demonic_c, serial_demonic_b, st_stairs_1, uniq_pikel
D:5:      cheibrodos_quashed, layout_basic, minmay_temple_entry_sparse_star,
          sigmund_army
D:6:      layout_basic, uniq_maggie, uniq_grinder, uniq_crazy_yiuf_cottage
D:7:      layout_basic, serial_shops, nicolae_inconvenience_store
D:8:      layout_basic, nrook_uturn
D:9:      layout_long_grid, vehumet_statue, dpeg_oklobed_lair,
          kennysheep_orc_monster_closet_entryway, hangedman_incinerator
Temple:   compressed_dpeg_triangle_lava_temple

Skill      XL: |  1  2  3  4  5  6  7  8  9 10 |
---------------+-------------------------------+-----
Hexes          | 4 5 6 |  6.0
Bows           | 3 4 5 6 7 9 11 13 | 13.2
Fighting       | 1 2 3 5 |  5.6
Dodging        | 3 4 |  4.6
Stealth        | 1 2 3 |  3.4
Evocations     | 1 |  1.6
Spellcasting   | 3 4 5 |  5.1
Slings         | 2 7 |  7.5
Axes           | |  0.3
Maces & Flails | |  0.1
Throwing       | |  0.1
Summonings     | |  0.2

Action                   |  1- 3 |  4- 6 |  7- 9 | 10-12 || total
-------------------------+-------+-------+-------+-------++-------
Melee: Whip              |       |     2 |       |       ||     2
       Hand axe          |       |       |     2 |       ||     2
       Dagger            |       |       |       |     4 ||     4
 Fire: Shortbow          |   110 |   179 |   315 |       ||   604
       Hunting sling     |       |       |    54 |   229 ||   283
Throw: Dart              |       |       |     2 |       ||     2
 Cast: Slow              |       |       |    29 |    44 ||    73
       Call Imp          |       |       |     1 |     1 ||     2
Evoke: Wand              |       |     3 |     6 |     2 ||    11
  Use: Scroll            |     6 |     9 |     2 |     2 ||    19
       Potion            |       |     2 |     1 |     1 ||     4
Armor: Robe              |     6 |     8 |     7 |     7 ||    28
Dodge: Dodged            |    37 |    52 |    76 |   105 ||   270

Table legend: (Time is in decaauts)
 A = Elapsed time spent in this place.
 B = Non-inter-level travel time spent in this place.
 C = Inter-level travel time spent in this place.
 D = Time resting spent in this place.
 E = Time spent auto-exploring this place.
 F = Levels seen in this place.
 G = Mean time per level.
                   A        B        C        D        E       F      G
               +--------+--------+--------+--------+--------+-----+--------+
         Total |   8453 |   8352 |    101 |    431 |   5578 |  10 |  845.3 |
       Dungeon |   8408 |   8313 |     95 |    431 |   5553 |   9 |  934.2 |
        Temple |     45 |     40 |      5 |      0 |     25 |   1 |   45.0 |
               +--------+--------+--------+--------+--------+-----+--------+

Top non-repeatable levels by time:
     D:9: 1816 daAuts
     D:3: 1198 daAuts
     D:5: 967 daAuts
     D:7: 963 daAuts
     D:8: 947 daAuts
     D:4: 795 daAuts
     D:6: 786 daAuts
     D:2: 506 daAuts
     D:1: 426 daAuts
  Temple: 45 daAuts
